 Dungeon Crawl Stone Soup version 0.18-a0-1702-gd20c6a5 (webtiles) character file.

252708 4thArraOfDagon the Executioner (level 19, -2/156 HPs)
             Began as a Hill Orc Berserker on Apr 6, 2016.
             Was a High Priest of Trog.
             Killed from afar by a deep elf mage (36 damage)
             ... with a bolt of fire
             ... on level 2 of the Elven Halls.
             The game lasted 01:26:01 (13651 turns).

4thArraOfDagon the Executioner (HOBe)              Turns: 13651, Time: 01:26:02

Health: -2/156     AC: 37    Str: 24    XL:     19   Next: 18%
Magic:  23/23      EV: 10    Int:  3    God:    Trog [*****.]
Gold:   1600       SH:  5    Dex: 30    Spells: 0 memorised, 18 levels left

rFire  . . .     SeeInvis .     T - +9 executioner's axe (elec)
rCold  . . .     Gourm    .     Q - +9 plate armour "Atife" {rPois Dex+5 Stlth-}
rNeg   + . .     Faith    .     (shield currently unavailable)
rPois  +         Spirit   .     f - +2 hat
rElec  .         Dismiss  .     F - +2 cloak
rCorr  .         Reflect  +     h - +2 pair of gloves {archery}
SustAt .         Harm     .     (no boots)
MR     +++++                    b - +5 amulet of reflection
Stlth  ..........               z - +5 ring of dexterity
                                g - ring of Nophi {rN+ MR++ Str-4 Int-4 Dex+10}

@: liquid flames, regenerating, glowing, almost entirely resistant to hostile
enchantments, extremely unstealthy
A: frail 1, low mp 1, sturdy frame 1
a: Berserk, Trog's Hand, Brothers in Arms, Burn Spellbooks, Renounce Religion
}: 3/15 runes: decaying, serpentine, slimy


You were on level 2 of the Elven Halls.
You worshipped Trog.
Trog was extremely pleased with you.
You were near starving.

You visited 7 branches of the dungeon, and saw 41 of its levels.
You also visited: Labyrinth and Ice Cave.

You collected 2846 gold pieces.
You spent 1246 gold pieces at shops.

Inventory:

Hand Weapons
 K - the +11 broad axe of Eternal Vigilance {drain, rElec}
   (You found it on level 6 of the Pits of Slime)

   A truly terrible weapon, it drains the life of those it strikes.
   It insulates you from electricity.
 T - a +9 executioner's axe of electrocution (weapon)
Armour
 f - a +2 hat (worn)
 h - a +2 pair of gloves of archery (worn)
 F - a +2 cloak (worn)
 Q - the +9 plate armour "Atife" (worn) {rPois Dex+5 Stlth-}
   (You acquired it on level 2 of the Orcish Mines)

   It affects your dexterity (+5).
   It protects you from poison.
   It makes you less stealthy.
Rods
 B - a +3 rod of inaccuracy (14/14)
   (You found it in a labyrinth)
 E - a +2 rod of shadows (12/12)
   (You found it on level 6 of the Pits of Slime)
Jewellery
 b - a +5 amulet of reflection (around neck)
 g - the ring of Nophi (left hand) {rN+ MR++ Str-4 Int-4 Dex+10}
   (You found it on level 6 of the Pits of Slime)

   [ring of positive energy]

   It affects your strength (-4).
   It affects your intelligence (-4).
   It affects your dexterity (+10).
   It protects you from negative energy.
   It affects your resistance to hostile enchantments.
 l - an uncursed ring of positive energy
 u - an uncursed ring of protection from fire
 x - an uncursed ring of see invisible
 y - an uncursed ring of protection from cold
 z - a +5 ring of dexterity (right hand)
 I - a +3 ring of strength
 V - an uncursed ring of positive energy
Wands
 v - a wand of disintegration (2/24)
 L - a wand of acid (8/15)
 O - a wand of disintegration (10/24)
 Y - a wand of iceblast (9/15)
Scrolls
 e - 6 scrolls of remove curse
 j - a scroll of magic mapping
 H - 3 scrolls of immolation
 J - 3 scrolls of blinking
 N - a scroll of fog
 X - a scroll of teleportation
Potions
 a - 5 potions of flight
 d - 2 potions of haste
 i - 5 potions of curing
 k - a potion of mutation
 m - 2 potions of cancellation
 n - 4 potions of berserk rage
 q - 2 potions of heal wounds
 r - a potion of cure mutation
 C - 3 potions of invisibility
 G - a potion of brilliance
 R - a potion of beneficial mutation
 U - 2 potions of ambrosia
 W - 5 potions of agility
 Z - 4 potions of might
Books
 o - a book of Necromancy

   Spells                             Type                      Level
   a - Pain                           Necromancy                   1
   b - Animate Skeleton               Necromancy                   1
   c - Vampiric Draining              Necromancy                   3
   d - Regeneration                   Charms/Necromancy            3
   e - Animate Dead                   Necromancy                   4
   f - Control Undead                 Necromancy                   4
   Trog disapproves of the use of such an item.
 w - a book of Minor Magic

   Spells                             Type                      Level
   a - Magic Dart                     Conjuration                  1
   b - Blink                          Translocation                2
   c - Call Imp                       Summoning                    2
   d - Repel Missiles                 Charms/Air                   2
   e - Slow                           Hexes                        2
   f - Conjure Flame                  Conjuration/Fire             3
   g - Mephitic Cloud                 Conjuration/Poison/Air       3
   Trog disapproves of the use of such an item.
 M - an Akashic Record

   Spells                             Type                      Level
   a - Dispersal                      Translocation                6
   b - Malign Gateway                 Summoning/Translocation      7
   c - Disjunction                    Translocation                8
   d - Controlled Blink               Translocation                8
   Trog disapproves of the use of such an item.
 S - a book of Burglary

   Spells                             Type                      Level
   a - Swiftness                      Charms/Air                   2
   b - Passwall                       Transmutation/Earth          2
   c - Passage of Golubria            Translocation                4
   d - Lee's Rapid Deconstruction     Earth                        5
   e - Darkness                       Hexes                        6
   f - Invisibility                   Hexes                        6
   Trog disapproves of the use of such an item.
Miscellaneous
 p - a phantom mirror
 s - a phial of floods
 A - a fan of gales
 D - a plain deck of defence
 P - a lamp of fire
Comestibles
 c - 8 bread rations
 t - 9 meat rations


   Skills:
 + Level 16.5 Fighting
 - Level 26.4 Axes
 + Level 19.1 Armour
 - Level 1.5 Dodging
 - Level 10.0 Evocations


You had 18 spell levels left.
You didn't know any spells.

Dungeon Overview and Level Annotations

Branches:
Dungeon (15/15)            Temple (0/1) D:4            Lair (8/8) D:8
  Swamp (4/4) Lair:3        Snake (4/4) Lair:6        Slime (6/6) Lair:7
    Orc (2/2) D:9             Elf (2/3) Orc:2        Vaults (0/5) D:14
 Depths: D:15

Altars:
Dithmenos
Fedhas
Trog
Zin
Beogh
Jiyva

Shops:
D:12 =   Orc:1 =   Orc:2 *(%?

Portals:
Trove: D:11 (give 3 potions of cure mutation)

Annotations:
D:12 4thArraOfDagon's ghost, novice HOBe
D:14 exclusion: Roxanne, Agnes; Roxanne
D:15 Nessos
Snake:2 ReniFell's ghost, journeyman GrFi


Innate Abilities, Weirdness & Mutations

You are frail (-10% HP).
Your magical capacity is low (-10% MP).
Your movements are slightly less encumbered by armour (ER -2).


Message History

The deep elf mage points at you and mumbles some strange words.
The sticky flame hits you!
You are covered in liquid flames!
You slice the fire elemental!!
You destroy the fire elemental!
You are covered in liquid flames!
You hear a shout!
The deep elf mage casts a spell at you. The bolt of fire hits you!
A deep elf archer comes into view. It is wielding a dagger.
You are covered in liquid flames!
* * * LOW HITPOINT WARNING * * *
The deep elf archer shouts!
The deep elf archer unwields an uncursed dagger.
The deep elf archer wields a longbow.
The deep elf archer shoots an arrow.
The arrow hits you!
* * * LOW HITPOINT WARNING * * *
The deep elf mage gestures at you while chanting.
The bolt of fire hits you!
You die...

###..# ##
##.....# (##
##......# ..##
##.......#
P..##
#...>....#
8P..#
#......./#
P...##
#e..)....#
..#..###
#..ยง....#
.......#
##)@)....#
######)#
##)##...#.e.
.....#.#
##.###.#+# .
####.#.# ##..#
#.# #.####.#.#
#.#
#.+#.'###.##.#
#.#...## #....
# #.<....#
#... #.....##
....


You could see a deep elf archer and a deep elf mage.

Vanquished Creatures
  the Royal Jelly (Slime:6)
  Dissolution (Slime:2)
  Vashnia (Snake:3)
  11 acid blobs
  Kirke (Lair:6)
  6 greater nagas (Snake:4)
  An azure jelly (Slime:3)
  Louise (Snake:1)
  An orc warlord (Orc:2)
  A deep elf demonologist (Elf:2)
  A deep elf annihilator (Elf:2)
  Snorg (D:10)
  3 death oozes (Slime:6)
  A minotaur (Lab)
  2 great orbs of eyes (Slime:6)
  2 vault guards (D:14)
  8 naga warriors
  21 hydras
  5 anacondas
  7 alligators
  9 death yaks
  3 dancing weapons
  A spriggan berserker (Swamp:4)
  5 orc high priests (Orc:2)
  5 shock serpents
  11 naga sharpshooters
  8 deep elf knights
  3 salamander mystics
  7 swamp dragons (Swamp:4)
  2 deep elf archers (Elf:2)
  9 naga ritualists
  2 shambling mangroves (Swamp:4)
  A hill giant (D:14)
  4 orc knights (Orc:2)
  2 necromancers (D:14)
  6 mana vipers
  14 deep elf magi
  2 shining eyes
  2 oklob plants
  3 orc sorcerers
  2 ugly things
  2 griffons
  A manticore (D:14)
  A cyclops (D:11)
  3 salamanders
  5 elephants (Lair:7)
  3 guardian serpents
  Psyche (D:10)
  An ice statue (IceCv)
  An eye of devastation (Slime:5)
  A torpor snail (Lair:7)
  31 black mambas
  17 naga magi
  Joseph (D:8)
  16 spiny frogs
  A kobold demonologist (D:12)
  10 komodo dragons
  3 rime drakes
  A yaktaur (D:14)
  An efreet (D:14)
  2 spriggan druids
  3 giant leeches
  21 polar bears
  2 trolls
  A harpy skeleton (D:15)
  4 two-headed ogres
  13 blink frogs
  A minotaur skeleton (Lab)
  A boulder beetle (Lair:6)
  50 slime creatures
  5 bog bodies (Swamp:4)
  A vampire (D:9)
  6 redbacks
  8 spriggans
  2 water elementals (Elf:2)
  32 yaks
  3 basilisks
  2 wyverns
  A shadow (Swamp:2)
  A hog (Lair:6)
  11 hippogriffs
  19 humans (D:14)
  8 hungry ghosts
  5 vampire mosquitoes
  2 golden eyes (Slime:3)
  16 swamp worms
  5 wargs
  39 nagas
  8 porcupines
  11 water moccasins
  12 swamp drakes
  39 orc warriors
  2 ice beasts
  11 wasps
  5 black bears (Lair:8)
  2 phantoms (D:11)
  7 necrophages
  6 eyes of draining
  14 ogres
  4 centaurs
  43 wolves
  6 crocodiles
  3 big kobolds (D:8)
  12 giant frogs
  3 scorpions
  3 wights (D:9)
  2 electric eels
  3 crimson imps
  2 giant frog zombies
  4 hounds
  11 jellies
  22 orc priests
  6 iguanas
  5 worker ants
  18 orc wizards
  6 sheep
  A hound zombie (D:11)
  A howler monkey skeleton (D:11)
  7 adders
  20 river rats
  2 shadow imps
  12 white imps (Lair:2)
  2 worms (D:4)
  A dart slug (D:1)
  A giant gecko (D:10)
  82 orcs
  2 ball pythons
  2 giant cockroaches
  A goblin (D:1)
  2 jackals (D:10)
  11 bats
  3 giant newts
  3 kobolds
  A quokka zombie (D:8)
  11 rats
  12 fungi
  2 plants
990 creatures vanquished.

Vanquished Creatures (collateral kills)
  2 acid blobs (Slime:6)
  An azure jelly (Slime:6)
  A frost giant (IceCv)
  The ghost of 4thArraOfDagon the Severer, a journeyman HOBe of Trog (Orc:2)
  3 death oozes (Slime:6)
  A great orb of eyes (Slime:6)
  The ghost of 4thArraOfDagon the Cleaver, a novice HOBe of Trog (Orc:2)
  A shining eye (Slime:6)
  An eye of devastation (Slime:6)
  A polar bear (IceCv)
  A slime creature (Slime:6)
  3 yaks (IceCv)
  A naga (Snake:1)
  An eye of draining (Slime:6)
  A jelly (Slime:6)
20 creatures vanquished.

Vanquished Creatures (others)
  Nikola (Swamp:2)
  A spriggan druid (Swamp:4)
  A bog body (Swamp:2)
  A human (Lair:6)
  3 vampire mosquitoes (Swamp:2)
  4 bushes (D:10)
  3 fungi
  2 plants (Lair:6)
16 creatures vanquished.

Grand Total: 1026 creatures vanquished

Notes
Turn   | Place    | Note
--------------------------------------------------------------
     0 | D:1      | 4thArraOfDagon the Hill Orc Berserker began the quest for the Orb.
     0 | D:1      | Reached XP level 1. HP: 19/19 MP: 1/1
   212 | D:1      | Reached XP level 2. HP: 24/27 MP: 2/2
   323 | D:3      | Reached XP level 3. HP: 33/33 MP: 3/3
   432 | D:4      | Found a bloodstained altar of Trog.
   455 | D:4      | Reached skill level 5 in Axes
   479 | D:4      | Reached ** piety under Trog
   500 | D:5      | Entered Level 5 of the Dungeon
   509 | D:5      | Reached XP level 4. HP: 22/40 MP: 4/4
   541 | D:4      | Found a staircase to the Ecumenical Temple.
   608 | D:6      | Reached XP level 5. HP: 47/47 MP: 5/5
   674 | D:7      | Noticed a phantom
   727 | D:9      | Reached skill level 6 in Axes
   788 | D:10     | Entered Level 10 of the Dungeon
   789 | D:10     | Noticed an ice beast
   794 | D:10     | Killed an ice beast
   794 | D:10     | Reached skill level 5 in Fighting
   794 | D:10     | Reached XP level 6. HP: 56/56 MP: 6/6
   870 | D:9      | Reached skill level 7 in Axes
   942 | D:11     | Noticed a cyclops
   972 | D:11     | Reached XP level 7. HP: 56/61 MP: 7/7
   980 | D:11     | Killed a cyclops
   980 | D:11     | Reached skill level 9 in Axes
   980 | D:11     | Reached skill level 5 in Armour
  1020 | D:11     | Noticed a yak
  1021 | D:11     | Noticed a yak
  1022 | D:11     | Noticed a yak
  1022 | D:11     | Noticed a yak
  1023 | D:11     | Noticed a yak
  1024 | D:11     | Noticed a yak
  1035 | D:11     | Killed a yak
  1035 | D:11     | Reached XP level 8. HP: 46/71 MP: 8/8
  1037 | D:11     | Killed a yak
  1043 | D:11     | Killed a yak
  1043 | D:11     | Reached skill level 10 in Axes
  1043 | D:11     | Killed a yak
  1045 | D:11     | Killed a yak
  1051 | D:11     | Killed a yak
  1051 | D:11     | Reached skill level 11 in Axes
  1051 | D:11     | Reached XP level 9. HP: 22/79 MP: 9/9
  1154 | D:12     | Noticed a deep elf mage
  1165 | D:12     | Killed a deep elf mage
  1208 | D:12     | Noticed 4thArraOfDagon's ghost (novice HOBe)
  1298 | D:11     | Noticed a cyan ugly thing
  1319 | D:11     | Killed a cyan ugly thing
  1319 | D:11     | Reached skill level 12 in Axes
  1330 | D:11     | Gained mutation: Your movements are slightly less encumbered by armour (ER -2). [mutagenic meat]
  1471 | D:11     | Found a portal to a secret trove of treasure.
  1600 | D:12     | Reached XP level 10. HP: 73/90 MP: 10/10
  1648 | D:12     | Noticed a purple ugly thing
  1769 | D:12     | Noticed a kobold demonologist
  1769 | D:12     | Noticed a red ugly thing
  1786 | D:12     | Killed a red ugly thing
  1786 | D:12     | Reached skill level 13 in Axes
  1787 | D:12     | Killed a kobold demonologist
  1897 | D:12     | Reached *** piety under Trog
  1955 | D:12     | Found Kogenoq's Jewellery Shoppe.
  2060 | D:12     | Reached skill level 14 in Axes
  2211 | D:13     | Reached skill level 10 in Fighting
  2276 | D:14     | Noticed a hill giant
  2289 | D:14     | Killed a hill giant
  2305 | D:14     | Noticed Agnes
  2384 | D:14     | Noticed a necromancer
  2418 | D:14     | Reached XP level 11. HP: 93/100 MP: 11/11
  2431 | D:14     | Killed a necromancer
  2431 | D:14     | Reached skill level 15 in Axes
  2503 | D:14     | Found a gate to the Vaults.
  2504 | D:14     | Noticed a vault guard
  2504 | D:14     | Noticed a necromancer
  2504 | D:14     | Noticed a vault guard
  2514 | D:14     | Killed a vault guard
  2519 | D:14     | Killed a necromancer
  2519 | D:14     | Reached skill level 10 in Armour
  2525 | D:14     | Killed a vault guard
  2525 | D:14     | Reached skill level 16 in Axes
  2712 | D:15     | Entered Level 15 of the Dungeon
  2746 | D:15     | Noticed Nessos
  2748 | D:15     | Noticed Nessos
  2748 | D:15     | Nessos changed into Nessos the water nymph
  2814 | D:14     | Noticed Roxanne
  2820 | D:15     | Noticed a manticore
  2820 | D:15     | Noticed a centaur warrior
  2825 | D:14     | HP: 5/102 [manticore (7)]
  2834 | D:14     | Killed a manticore
  3010 | D:13     | Noticed a manticore
  3028 | D:14     | Noticed a deep elf mage
  3030 | D:14     | Noticed a sixfirhy
  3070 | D:10     | Found a blossoming altar of Fedhas.
  3106 | D:10     | Noticed Psyche
  3121 | D:10     | Killed Psyche
  3125 | D:10     | Reached XP level 12. HP: 110/110 MP: 12/12
  3139 | D:10     | Identified a scroll of acquirement
  3146 | D:10     | AMAZING
  3258 | D:10     | Noticed Snorg
  3279 | D:10     | Killed Snorg
  3281 | D:10     | Reached skill level 17 in Axes
  3422 | D:9      | Reached **** piety under Trog
  3505 | D:9      | Found a staircase to the Orcish Mines.
  3513 | Orc:1    | Entered Level 1 of the Orcish Mines
  3624 | Orc:2    | Entered Level 2 of the Orcish Mines
  3656 | Orc:2    | Noticed 4thArraOfDagon's ghost (journeyman HOBe)
  3683 | Orc:2    | Killed 4thArraOfDagon's ghost
  3698 | Orc:2    | Noticed 4thArraOfDagon's ghost (novice HOBe)
  3738 | Orc:1    | WTF
  3738 | Orc:1    | 10 fails in row
  3986 | Orc:2    | Killed 4thArraOfDagon's ghost
  4120 | Orc:2    | Found a roughly hewn altar of Beogh.
  4139 | Orc:2    | Found Poijaguj's Assorted Antiques.
  4161 | Orc:2    | Reached skill level 18 in Axes
  4170 | Orc:2    | Bought a scroll labeled VUPHAF WICAUT for 30 gold pieces
  4216 | Orc:2    | Found Xewibaez's Antique Weapon Shoppe.
  4263 | Orc:2    | Noticed an orc high priest
  4280 | Orc:2    | Killed an orc high priest
  4382 | Orc:1    | Received a gift from Trog
  4428 | Orc:1    | Found Igomar's Jewellery Shoppe.
  4454 | Orc:1    | Reached XP level 13. HP: 117/119 MP: 13/13
  4495 | Orc:1    | AMAZING
  4740 | Orc:2    | Found a staircase to the Elven Halls.
  4947 | Orc:2    | Reached ***** piety under Trog
  4992 | Orc:2    | Noticed an orc warlord
  5019 | Orc:2    | Killed an orc warlord
  5019 | Orc:2    | Reached skill level 19 in Axes
  5071 | Orc:2    | Found a roughly hewn altar of Beogh.
  5109 | Orc:2    | Found Lyvuh's Magic Scroll Emporium.
  5144 | Orc:2    | Received a gift from Trog
  5289 | Orc:2    | Found Ufeto's Food Shop.
  5372 | Orc:2    | Bought a scroll of acquirement for 832 gold pieces
  5372 | Orc:2    | Bought a scroll of brand weapon for 320 gold pieces
  5372 | Orc:2    | Bought a scroll of identify for 32 gold pieces
  5372 | Orc:2    | Bought a scroll of identify for 32 gold pieces
  5375 | Orc:2    | Got a polished plate armour
  5386 | Orc:2    | Identified the +9 plate armour "Atife" {rPois Dex+5 Stlth-} (You acquired it on level 2 of the Orcish Mines)
  5386 | Orc:2    | CAN BE OK
  5612 | D:8      | Noticed Joseph
  5619 | D:8      | Killed Joseph
  5648 | D:7      | Found a shadowy altar of Dithmenos.
  5741 | D:8      | Found a staircase to the Lair.
  5757 | Lair:1   | Entered Level 1 of the Lair of Beasts
  5789 | Lair:2   | Found a glowing silver altar of Zin.
  5857 | Lair:2   | Found a frozen archway.
  5866 | Lair:2   | Reached skill level 20 in Axes
  5877 | IceCv    | Entered an ice cave
  6135 | IceCv    | Reached XP level 14. HP: 106/129 MP: 14/14
  6217 | IceCv    | Noticed a frost giant
  6257 | IceCv    | Killed a frost giant
  6257 | IceCv    | Reached skill level 21 in Axes
  6306 | IceCv    | Received a gift from Trog
  6774 | Lair:4   | You fall through a shaft for 3 floors!
  6789 | Lair:6   | Found a labyrinth entrance.
  6860 | Lab      | Entered a labyrinth
  7130 | Lab      | Identified a +3 rod of inaccuracy (14/14) (You found it in a labyrinth)
  7140 | Lab      | Identified the Collected Works on the Cankerous Birds (You found it in a labyrinth)
  7243 | Lair:6   | Noticed Kirke
  7254 | Lair:6   | Reached skill level 22 in Axes
  7255 | Lair:6   | Killed Kirke
  7255 | Lair:6   | Received a gift from Trog
  7485 | Lair:7   | Reached XP level 15. HP: 133/136 MP: 15/15
  7578 | Lair:7   | Found a runed door.
  7695 | Lair:8   | Entered Level 8 of the Lair of Beasts
  7837 | Lair:8   | Reached skill level 23 in Axes
  8315 | Lair:6   | Found a staircase to the Snake Pit.
  8325 | Snake:1  | Entered Level 1 of the Snake Pit
  8385 | Snake:1  | Reached skill level 15 in Armour
  8421 | Snake:1  | :(
  8478 | Snake:1  | Reached skill level 1 in Evocations
  8522 | Snake:1  | Noticed Louise
  8525 | Snake:2  | Noticed ReniFell's ghost (journeyman GrFi)
  8534 | Snake:1  | Killed Louise
  8537 | Snake:1  | Got a heavily runed large shield
  8661 | Snake:2  | Reached skill level 24 in Axes
  8753 | Snake:4  | Entered Level 4 of the Snake Pit
  8804 | Snake:3  | Noticed Vashnia
  8847 | Snake:3  | Killed Vashnia
  8847 | Snake:3  | Reached XP level 16. HP: 144/144 MP: 18/18
  9110 | Snake:4  | Noticed a greater naga
  9129 | Snake:4  | Killed a greater naga
  9159 | Snake:4  | Reached skill level 5 in Evocations
  9313 | Snake:4  | Noticed a greater naga
  9344 | Snake:4  | Killed a greater naga
  9465 | Snake:4  | Noticed a greater naga
  9484 | Snake:4  | Killed a greater naga
  9484 | Snake:4  | Reached skill level 25 in Axes
  9521 | Snake:4  | Noticed a greater naga
  9542 | Snake:4  | Killed a greater naga
  9555 | Snake:4  | Noticed a greater naga
  9688 | Snake:4  | Killed a greater naga
  9698 | Snake:4  | HP: 5/144 [poisoned by a naga ritualist]
  9852 | Snake:4  | Noticed a greater naga
  9865 | Snake:4  | Killed a greater naga
  9919 | Snake:4  | Reached XP level 17. HP: 93/150 MP: 22/22
  9940 | Snake:4  | Got a serpentine rune of Zot
 10514 | Lair:4   | Identified the +8 large shield of Minor Irritation {Int+3} (You took it off Louise on level 1 of the Snake Pit)
 10646 | Lair:3   | Found a staircase to the Swamp.
 10665 | Swamp:1  | Entered Level 1 of the Swamp
 10674 | Swamp:2  | Noticed Nikola
 10699 | Swamp:2  | Killed Nikola
 10868 | Swamp:3  | Reached skill level 26 in Axes
 10961 | Swamp:2  | Gained mutation: You are dopey. (Int -2) [potion of mutation]
 10961 | Swamp:2  | Gained mutation: Your body sometimes deteriorates upon taking damage. [potion of mutation]
 10961 | Swamp:2  | Gained mutation: You tend to lose your temper in combat. [potion of mutation]
 10967 | Swamp:2  | Lost mutation: You tend to lose your temper in combat. [potion of cure mutation]
 10967 | Swamp:2  | Lost mutation: Your body sometimes deteriorates upon taking damage. [potion of cure mutation]
 10967 | Swamp:2  | Lost mutation: You are dopey. (Int -2) [potion of cure mutation]
 11021 | Swamp:4  | Entered Level 4 of the Swamp
 11344 | Swamp:4  | Got a decaying rune of Zot
 11706 | Lair:7   | who needs that
 11867 | Lair:7   | Found a staircase to the Slime Pits.
 11915 | Slime:1  | Entered Level 1 of the Pits of Slime
 11915 | Slime:1  | Noticed an acid blob
 11921 | Slime:1  | Noticed an acid blob
 11921 | Slime:1  | Killed an acid blob
 11975 | Slime:1  | Killed an acid blob
 11975 | Slime:1  | Reached XP level 18. HP: 159/159 MP: 23/25
 12095 | Slime:3  | Noticed Dissolution
 12159 | Slime:2  | Killed Dissolution
 12159 | Slime:2  | Reached skill level 10 in Evocations
 12201 | Slime:4  | Found a viscous altar of Jiyva.
 12205 | Slime:4  | Received a gift from Trog
 12218 | Slime:4  | Gained mutation: You are frail (-10% HP). [a shining eye]
 12220 | Slime:4  | Gained mutation: Your magical capacity is low (-10% MP). [a shining eye]
 12274 | Slime:5  | Reached ****** piety under Trog
 12333 | Slime:6  | Entered Level 6 of the Pits of Slime
 12456 | Slime:6  | Reached skill level 15 in Fighting
 12657 | Slime:6  | Found a viscous altar of Jiyva.
 12666 | Slime:6  | Noticed the Royal Jelly
 12682 | Slime:6  | Killed the Royal Jelly
 12695 | Slime:6  | Received a gift from Trog
 12721 | Slime:6  | Got a tiger eye-encrusted chain mail
 12723 | Slime:6  | Identified the +3 chain mail of Vlad {Regen+ Str-4 Int+7} (You found it on level 6 of the Pits of Slime)
 12759 | Slime:6  | Got a twisted war axe
 12761 | Slime:6  | Identified the cursed +2 war axe "Peorusch" {elec, -Tele +Rage Str+8 Dex-5} (You found it on level 6 of the Pits of Slime)
 12795 | Slime:6  | Got a slimy rune of Zot
 12797 | Slime:6  | Identified the Handbook of Calling
 12808 | Slime:6  | Identified a +2 rod of shadows (12/12) (You found it on level 6 of the Pits of Slime)
 12820 | Slime:6  | Got a dazzling broad axe
 12837 | Slime:6  | Identified the Incunabulum of Supportive Beguiling (You found it on level 6 of the Pits of Slime)
 12845 | Slime:6  | Identified the +11 broad axe of Eternal Vigilance {drain, rElec} (You found it on level 6 of the Pits of Slime)
 12893 | Slime:6  | Got a twitching lead ring
 12894 | Slime:6  | Identified the ring of Nophi {rN+ MR++ Str-4 Int-4 Dex+10} (You found it on level 6 of the Pits of Slime)
 13304 | Elf:1    | Entered Level 1 of the Elven Halls
 13428 | Elf:2    | Reached XP level 19. HP: 154/154 MP: 23/23
 13440 | Elf:2    | Received a gift from Trog
 13651 | Elf:2    | Killed from afar by a deep elf mage

Vault maps used:
D:1:      dpeg_arrival_chambers_temple_mockup, minmay_crystal_water
D:2:      first_bread
D:3:      grunt_temple_overflow_cloverleaf, grunt_ministairs_6,
          wad_floor_pattern_untrapped
D:4:      gammafunk_temple_overflow_claw, minmay_temple_entry_hall,
          serial_shops, shop, nicolae_shop_overgrown_old_shop, kennysheep_mini,
          shop_statue, bloody_trog
D:5:      basic_altar
D:6:      serial_shops, nicolae_shop_statue_plus
D:7:      kennysheep_windowed_halls, nicolae_dithmenos_shadow_blocks
D:8:      grunt_lair_entry_orc_guard_hut, hangedman_ranch, uniq_joseph
D:9:      orc_0_dummy
D:10:     fedhas_bush_and_centaur_altar, uniq_snorg, uniq_psyche
D:11:     enter_trove_1, grunt_ministairs_1
D:12:     serial_shops, shop, special_room, kennysheep_generic_room_7
D:13:     minmay_radiant
D:14:     grunt_vaults_entry_tiered, hangedman_decor_riveting, minmay_orc_keep,
          uniq_roxanne, uniq_agnes
D:15:     grunt_enter_depths_magical_seal, hangedman_abyss_or_decor_stagger,
          hangedman_weighted_door, uniq_nessos
Lair:2:   portal_ice_cave_entry_imps, lemuel_oklob_altar
Lair:3:   nicolae_swamp_entry_splash_gauntlet, grunt_megastairs_1
Lair:4:   nicolae_quartered_pool_super, roderic_carrion_pond
Lair:5:   serial_bayou_lagoon_b, grunt_megastairs_2
Lair:6:   minmay_snake_entry_six_corridors, lab_entry_generic, uniq_kirke
Lair:7:   minmay_slime_entry_oklob_enclosed, pf_torpor_hydra,
          serial_bayou_shore_b
Lair:8:   minmay_lair_end_enchanted_forest
Swamp:1:  evilmike_swamp_ruin_rubble_1, uniq_frances
Swamp:2:  evilmike_swamp_ruin_house_3, uniq_nikola
Swamp:3:  evilmike_swamp_ruin_house_2
Swamp:4:  swamp_basic_johnstein
Snake:1:  lemuel_fruit_tree, uniq_louise
Snake:3:  nicolae_snake_shapes, uniq_vashnia
Snake:4:  snake_pit
Slime:3:  nicolae_slime_barrier, uniq_dissolution
Slime:4:  basic_altar
Orc:1:    serial_shops, shop
Orc:2:    pubby_orc_utopia, serial_shops
Elf:1:    hangedman_elf_represent, nicolae_elf_big_sculpture_1
Elf:2:    minivault_27, minivault_27, minmay_misc_feat_cross, minivault_11,
          hex_intersection, grunt_ministairs_12
Lab:      labyrinth_mini_lab, labyrinth_skeletal_remains, nicolae_lab_statue,
          nicolae_lab_dead_end, lab_statue, nicolae_lab_arrow, nicolae_lab_plus,
          nicolae_lab_swirl, nicolae_lab_hexagon, nicolae_lab_blocks,
          nicolae_lab_checkerboard
IceCv:    ice_cave_caverns_03

Skill      XL: |  1  2  3  4  5  6  7  8  9 10 11 12 13 14 15 16 17 18 19 |
---------------+----------------------------------------------------------+-----
Fighting       | 4 5 6 7 8 10 11 12 13 16 | 16.5
Axes           | 5 6 7 9 11 12 14 16 18 20 22 24 25 26 | 26.4
Armour         | 3 4 5 6 7 9 10 11 12 14 15 16 17 18 19 | 19.1
Evocations     | 3 6 9 10 | 10.0
Dodging        | |  1.5

Action                   |  1- 3 |  4- 6 |  7- 9 | 10-12 | 13-15 | 16-18 | 19-21 || total
-------------------------+-------+-------+-------+-------+-------+-------+-------++-------
Melee: Hand axe          |    71 |    51 |    94 |       |       |       |       ||   216
       War axe           |       |       |    48 |   163 |       |       |       ||   211
       Battleaxe         |       |       |       |   336 |   590 |       |       ||   926
       Broad axe         |       |       |       |       |    30 |     3 |    42 ||    75
       Falchion          |       |       |       |       |    21 |       |       ||    21
       Executioner's axe |       |       |       |       |   340 |   806 |    39 ||  1185
Invok: Berserk           |     4 |     4 |     5 |    20 |    21 |    13 |       ||    67
       Trog's Hand       |     1 |     1 |     4 |    17 |    31 |    43 |     2 ||    99
       Brothers in Arms  |       |       |       |     2 |     2 |     2 |       ||     6
       Burn Spellbooks   |       |       |       |       |       |     1 |       ||     1
Evoke: Wand              |       |       |       |     3 |     3 |    17 |       ||    23
  Use: Scroll            |       |     1 |     2 |    10 |    29 |    19 |     1 ||    62
       Potion            |       |       |       |     4 |       |     8 |       ||    12
 Stab: Distracted        |       |       |       |       |     1 |       |       ||     1
       Confused          |       |       |       |       |       |     1 |       ||     1
  Eat: Chunk             |     2 |     4 |    10 |    30 |    20 |     8 |       ||    74
       Beef jerky        |       |     1 |       |       |     5 |     3 |       ||     9
       Pizza             |       |       |       |     1 |     7 |       |       ||     8
       Meat ration       |       |       |       |     1 |       |     3 |       ||     4
       Royal jelly       |       |       |       |       |     1 |       |       ||     1
       Fruit             |       |       |       |       |    11 |    12 |       ||    23
